Map: 莱瑞拉克之冠

Players

iGMacSed - Winner!

  • Race: Zerg Zerg
  • League: Master

iGXiGua - Winner!

  • Race: Zerg Zerg
  • League: Master

iGRushcrazy

  • Race: Protoss Protoss
  • League: Master

iGJim

  • Race: Protoss Protoss
  • League: Master

Event: GPL 2015 - Grand Finals

VOD

Have the link to the VOD?

Description

Time

  • Played on: Jan. 24, 2016, 12:47 a.m.
  • Length: 8:19

All games in this series

Show
View Real Time Build Order
Export as new Build Order

iGMacSed Zerg - Winner!

Build Orders: Pool First 

Get SALT Encoding   

  12  0:01  Drone  
  13  0:16  Extractor  
  12  0:24  Spawning Pool  
  11  0:29  Drone  
  11  0:33  Drone  
  13  0:41  Drone  
  14  0:49  Overlord  
  16  1:12  Zergling x6  
  16  1:17  Metabolic Boost  
  17  1:22  Zergling x2  
  18  1:31  Queen  
  20  1:35  Zergling x2  
  21  1:50  Drone  
  22  2:07  Hatchery  
  21  2:16  Overlord  
  21  2:18  Drone  
  22  2:34  Queen  
  22  2:36  Drone x2  
  26  2:41  Drone  
  26  2:42  Drone  
  28  2:48  Drone  
  28  2:49  Drone  
  29  2:58  Overlord  
  29  3:04  Drone  
  29  3:10  Overlord  
  27  3:20  Drone x4  
  31  3:30  Drone  
  32  3:40  Hatchery  
  31  3:47  Drone  
  31  3:48  Drone x3  
  35  3:51  Drone x2  
  37  3:56  Zergling x4  
  37  3:57  Zergling x2  
  37  3:59  Zergling x2  
  41  4:03  Overlord  
  41  4:09  Queen  
  43  4:22  Drone x2  
  43  4:23  Drone x3  
  45  4:25  Drone  
  45  4:27  Drone  
  45  4:29  Drone  
  45  4:30  Drone  
  47  4:31  Drone  
  47  4:39  Drone, Overlord  
  47  4:44  Roach Warren  
  46  4:49  Extractor  
  45  4:54  Overlord  
  45  4:55  Queen  
  45  4:59  Drone x4  
  51  5:03  Drone  
  52  5:09  Overlord  
  52  5:10  Drone x2  
  54  5:15  Extractor  
  54  5:18  Drone x4  
  57  5:22  Drone  
  57  5:26  Roach  
  57  5:27  Roach x3  
  66  5:34  Roach x3  
  72  5:40  Roach x2  
  72  5:41  Roach  
  78  5:45  Queen  
  80  5:50  Zergling x4  
  80  5:54  Overlord x2  
  82  5:59  Overlord  
  82  6:02  Evolution Chamber  
  81  6:04  Overlord  
  81  6:11  Zergling x2  
  81  6:12  Overlord  
  81  6:13  Zergling x2  
  81  6:14  Zergling x8  
  86  6:19  Queen  
  86  6:21  Queen  
  90  6:31  Roach x7  
  102  6:36  Overlord  
  102  6:39  Queen  
  104  6:47  Spore Crawler  
  104  6:48  Spore Crawler  
  100  6:56  Zergling x12  
  100  6:57  Queen  
  94  7:13  Zergling x8  
  94  7:14  Zergling x6  
  96  7:23  Zergling x8  
  96  7:28  Zergling x6  
  101  7:35  Zergling x8  
  103  7:38  Ravager x2  
  103  7:39  Ravager  
  103  7:40  Ravager  
  103  7:48  Ravager  
  103  7:50  Zergling x6  
  104  7:57  Ravager x2  
  103  8:01  Zergling x8  
Show
View Real Time Build Order
Export as new Build Order

iGXiGua Zerg - Winner!

Build Orders:  

Get SALT Encoding   

  12  0:00  Probe (Chrono Boost)  
  13  0:11  Probe (Chrono Boost)  
  14  0:20  Pylon  
  14  0:22  Probe (Chrono Boost)  
  15  0:39  Probe (Chrono Boost)  
  16  0:49  Probe (Chrono Boost)  
  17  1:00  Nexus  
  17  1:08  Gateway  
  17  1:11  Probe (Chrono Boost)  
  18  1:16  Assimilator  
  18  1:21  Probe (Chrono Boost)  
  18  1:24  Assimilator  
  19  1:32  Probe (Chrono Boost)  
  20  1:39  Gateway  
  20  1:41  Pylon  
  20  1:43  Probe (Chrono Boost)  
  22  1:55  Cybernetics Core, Zealot, Probe (Chrono Boost)  
  24  2:03  Gateway  
  24  2:07  Probe (Chrono Boost)  
  25  2:19  Probe (Chrono Boost)  
  26  2:24  Assimilator  
  26  2:29  Pylon  
  26  2:32  Mothership Core (Chrono Boost)  
  26  2:34  Gateway  
  28  2:37  Pylon  
  28  2:41  Pylon  
  27  2:46  Pylon  
  27  2:50  Probe (Chrono Boost)  
  25  3:01  Probe (Chrono Boost)  
  25  3:04  Warp Gate  
  25  3:07  Adept  
  25  3:12  Probe (Chrono Boost)  
  28  3:20  Adept  
  31  3:28  Probe (Chrono Boost)  
  31  3:31  Adept  
  31  3:36  Pylon  
  34  3:41  Probe (Chrono Boost)  
  34  3:54  Pylon  
  35  3:57  Probe (Chrono Boost)  
  35  4:10  Nexus  
  35  4:15  Probe (Chrono Boost)  
  36  4:25  Twilight Council  
  36  4:27  Probe (Chrono Boost)  
  35  4:37  Gateway  
  36  4:39  Probe (Chrono Boost)  
  34  4:46  Gateway  
  34  4:48  Resonating Glaives  
  34  4:50  Probe (Chrono Boost)  
  35  5:02  Probe (Chrono Boost)  
  36  5:10  Adept  
  36  5:11  Adept  
  41  5:14  Probe (Chrono Boost)  
  41  5:24  Stargate  
  41  5:26  Probe (Chrono Boost)  
  41  5:27  Probe (Chrono Boost)  
  43  5:35  Pylon  
  43  5:38  Probe (Chrono Boost)  
  43  5:39  Probe (Chrono Boost)  
  45  5:49  Probe (Chrono Boost)  
  47  5:50  Probe (Chrono Boost), Adept  
  47  5:51  Adept  
  47  5:55  Adept  
  53  5:58  Adept  
  53  6:01  Probe (Chrono Boost)  
  53  6:03  Oracle  
  57  6:04  Probe (Chrono Boost)  
  60  6:17  Adept x2  
  60  6:18  Probe (Chrono Boost)  
  65  6:20  Adept  
  65  6:25  Adept  
  69  6:29  Probe (Chrono Boost)  
  69  6:30  Probe (Chrono Boost)  
  71  6:34  Oracle  
  71  6:36  Pylon  
  74  6:42  Probe (Chrono Boost)  
  74  6:43  Probe (Chrono Boost), Assimilator  
  76  6:52  Assimilator  
  77  6:54  Probe (Chrono Boost)  
  77  6:58  Robotics Facility  
  73  7:05  Oracle  
  73  7:07  Probe (Chrono Boost)  
  73  7:08  Probe (Chrono Boost)  
  65  7:17  Adept x2  
  65  7:18  Adept  
  65  7:21  Adept  
  71  7:24  Pylon, Probe (Chrono Boost)  
  71  7:26  Pylon  
  52  7:45  Adept x4  
  61  8:09  Adept x2  
Show
View Real Time Build Order
Export as new Build Order

iGRushcrazy Protoss 

Build Orders:  

Get SALT Encoding   

Show
View Real Time Build Order
Export as new Build Order

iGJim Protoss 

Build Orders:  

Get SALT Encoding   

Tags
 
Add a new tag
Caveats
  • Supply blocks, unpowered buildings, or Contaminate may cause inaccurate times.
  • Supply counts are checked every 10 seconds.